 Dungeon Crawl Stone Soup version 0.25.1-2-g60ff931df9 (webtiles) character file.

Game seed: 4248872129516779584

5484 raphialitos the Spear-Bearer (level 10, -10/90 HPs)
             Began as a Minotaur Fighter on Nov 4, 2020.
             Blown up by Maurice (21 damage)
             ... with a disintegration bolt
             ... on level 8 of the Dungeon.
             The game lasted 00:14:06 (8929 turns).

raphialitos the Spear-Bearer (Minotaur Fighter)     Turns: 8929, Time: 00:14:06

Health: -10/90     AC: 18    Str: 23    XL:     10   Next: 42%
Magic:  9/9        EV: 13    Int:  5    God:
Gold:   505        SH:  0    Dex: 17    Spells: 9/9 levels left

rFire    . . .     SeeInvis .   A - +12 glaive of Prune {vorpal}
rCold    . . .     Gourm    .   (shield currently unavailable)
rNeg     . . .     Faith    .   B - +0 plate armour
rPois    .         Spirit   .   (helmet restricted)
rElec    .         Reflect  .   y - +0 cloak
rCorr    .         Harm     .   (no gloves)
MR       .....                  a - +2 pair of boots
Stlth    ..........             (no amulet)
HPRegen  0.25/turn              g - +4 ring of evasion
MPRegen  0.11/turn              u - +6 ring of dexterity

@: no status effects
A: retaliatory headbutt, horns 2
a: no special abilities


You were on level 8 of the Dungeon.
You were hungry.

You visited 1 branch of the dungeon, and saw 8 of its levels.

You collected 505 gold pieces.

Inventory:

Hand Weapons
 q - a +2 dagger of draining
 A - the +12 glaive of Prune (weapon) {vorpal}
   (You found it on level 4 of the Dungeon)

   It inflicts extra damage upon your enemies.
Missiles
 e - 8 boomerangs (quivered)
 l - 74 arrows
 m - 83 bolts
 D - 77 sling bullets
 I - 20 poisoned darts
Armour
 a - a +2 pair of boots (worn)
 c - a +0 kite shield
 y - a +0 cloak (worn)
 B - a +0 plate armour (worn)
Magical Staves
 t - an uncursed staff of conjuration
Jewellery
 g - a +4 ring of evasion (left hand)
 i - an uncursed ring of protection from cold
 j - an uncursed ring of poison resistance
 p - an uncursed ring of ice
 r - an uncursed ring of magical power
 u - a +6 ring of dexterity (right hand)
 C - an uncursed ring of protection from cold
 J - a +4 ring of protection {unknown}
Wands
 w - a wand of flame (41)
 G - a wand of acid (10)
Scrolls
 d - a scroll of enchant weapon
 h - 5 scrolls of fog
 k - 3 scrolls of immolation
 n - 14 scrolls of teleportation
 o - 2 scrolls of identify
 v - 2 scrolls of remove curse
 K - a scroll of enchant armour {unknown}
Potions
 b - a potion of flight
 s - a potion of mutation
 x - 2 potions of brilliance
 z - 2 potions of stabbing
 E - 2 potions of haste
 F - 2 potions of heal wounds
 H - 2 potions of might
 L - 2 potions of ambrosia
 M - a potion of berserk rage {unknown}
Comestibles
 f - 22 rations


   Skills:
 + Level 8.5 Fighting
   Level 6.3(10.1) Axes
 + Level 12.1(12.7) Polearms
 + Level 8.5 Armour
 + Level 3.6 Dodging
 + Level 1.1 Stealth
 + Level 5.6 Shields


You had 9 spell levels left.
You didn't know any spells.
Your spell library was empty.

Dungeon Overview and Level Annotations

Branches:
Dungeon (8/15)             Temple (0/1) D:7
   Lair: D:8-11

Altars:

Annotations:
D:8 Maurice


Innate Abilities, Weirdness & Mutations

You reflexively headbutt those who attack you in melee.
You have a pair of horns on your head.


Message History

Maurice zaps a wand.
You are blasted!
The bullfrog hits you.
You slice the bullfrog!!
You kill the bullfrog!
Maurice zaps a wand.
You are blasted!
Maurice zaps a wand.
You struggle to resist.
You see here a bullfrog corpse.
Maurice zaps a wand.
You are blasted!
You are feeling hungry.
Found a stone staircase leading down.
You slice Maurice!!
Maurice is moderately wounded.
Maurice zaps a wand.
You are blasted!
* * * LOW HITPOINT WARNING * * *
Maurice gestures wildly while chanting.
Maurice flickers and vanishes!
Deactivating autopickup; reactivate with Ctrl-A.
You slice something!! You headbutt something.
You hear a zap.
You are blasted!
You die...

....# #..###..# ..#...
.......##..##...#..####.
...#....#..........# #
..>##..........#.#..#
.................# ..#
...........†..#### ..
........#.....# #
.......#....#..#
.......@...###...#
.......{...........
...............###.#
...............# #
.............#.#
...#...##....... ..##...
...... .. .... ......


There were no monsters in sight!

Vanquished Creatures
  2 two-headed ogres (D:8)
  A centaur zombie (D:8)
  Joseph (D:7)
  Sigmund (D:2)
  A yak (D:7)
  The ghost of sahdkjhfkaj the Sneak, an amateur FeIE (D:4)
  3 hogs (D:7)
  A human (D:7)
  3 orc warriors
  3 ice beasts
  A sky beast (D:7)
  A black bear (D:7)
  2 ogres
  2 phantoms
  A centaur (D:5)
  A crocodile (D:8)
  A big kobold (D:7)
  5 bullfrogs
  A howler monkey (D:5)
  2 crimson imps
  5 orc priests
  3 hounds
  Terence (D:2)
  An iguana (D:5)
  Natasha (D:2)
  4 orc wizards
  4 worker ants
  A hound zombie (D:2)
  Robin (D:2)
  A worker ant zombie (D:7)
  6 gnolls
  8 adders
  An ooze (D:5)
  An adder skeleton (D:4)
  2 adder zombies (D:5)
  4 worms
  4 dart slugs
  6 leopard geckos
  24 orcs
  3 bats
  7 giant cockroaches
  19 goblins
  13 hobgoblins
  10 jackals
  8 kobolds
  3 quokkas
  A ball python (D:1)
  9 frilled lizards
  A jackal skeleton (D:4)
  A leopard gecko skeleton (D:7)
  A leopard gecko zombie (D:7)
  A quokka skeleton (D:4)
  A quokka zombie (D:6)
  8 rats
198 creatures vanquished.

Notes
Turn   | Place    | Note
-------+----------+-------------------------------------------
     0 | D:1      | raphialitos the Minotaur Fighter began the quest for the
                  | Orb.
     0 | D:1      | Reached XP level 1. HP: 19/19 MP: 0/0
   173 | D:1      | Reached XP level 2. HP: 27/27 MP: 1/1
   477 | D:1      | Reached XP level 3. HP: 25/33 MP: 2/2
  1213 | D:2      | Noticed Terence
  1222 | D:2      | Killed Terence
  1222 | D:2      | Reached XP level 4. HP: 28/41 MP: 3/3
  1657 | D:2      | Noticed Robin
  1662 | D:2      | Reached skill level 1 in Dodging
  1669 | D:2      | Reached XP level 5. HP: 15/47 MP: 4/4
  1676 | D:2      | Killed Robin
  2025 | D:2      | Noticed Sigmund
  2057 | D:2      | Killed Sigmund
  2057 | D:2      | Reached skill level 5 in Axes
  2057 | D:2      | Reached skill level 5 in Armour
  2057 | D:2      | Reached XP level 6. HP: 18/53 MP: 5/5
  2090 | D:2      | Noticed Natasha
  2101 | D:2      | Killed Natasha
  3789 | D:4      | Found the +12 glaive of Prune {vorpal}
  3845 | D:4      | Found a large runed translucent door.
  3846 | D:4      | Found a large runed translucent door.
  3847 | D:4      | Noticed sahdkjhfkaj's ghost (amateur FeIE)
  3934 | D:4      | Reached skill level 5 in Shields
  3934 | D:4      | Reached XP level 7. HP: 60/60 MP: 6/6
  4188 | D:4      | Killed sahdkjhfkaj's ghost
  4188 | D:4      | Reached skill level 5 in Fighting
  4188 | D:4      | Reached skill level 1 in Polearms
  4501 | D:5      | Entered Level 5 of the Dungeon
  4687 | D:5      | Reached skill level 2 in Polearms
  4920 | D:5      | Reached skill level 3 in Polearms
  5129 | D:5      | Reached XP level 8. HP: 66/69 MP: 7/7
  5241 | D:5      | Reached skill level 4 in Polearms
  5693 | D:6      | Reached skill level 5 in Polearms
  6769 | D:7      | Reached skill level 6 in Polearms
  6982 | D:7      | Reached skill level 7 in Polearms
  7245 | D:7      | Reached skill level 8 in Polearms
  7318 | D:7      | Reached XP level 9. HP: 71/77 MP: 8/8
  7374 | D:7      | Found a staircase to the Ecumenical Temple.
  7475 | D:7      | Noticed Joseph
  7486 | D:7      | Reached skill level 9 in Polearms
  7492 | D:7      | Reached skill level 1 in Stealth
  7498 | D:7      | Killed Joseph
  7498 | D:7      | Reached skill level 10 in Polearms
  7959 | D:7      | Reached skill level 11 in Polearms
  8177 | D:8      | Noticed a two-headed ogre
  8187 | D:8      | Killed a two-headed ogre
  8187 | D:8      | Reached XP level 10. HP: 64/88 MP: 9/9
  8644 | D:8      | Noticed a two-headed ogre
  8649 | D:8      | Killed a two-headed ogre
  8919 | D:8      | Reached skill level 12 in Polearms
  8920 | D:8      | Noticed Maurice
  8929 | D:8      | Blown up by Maurice

Illustrated notes

Levels and vault maps discovered:
D:1:      erik_arrival_blinker_ship, layout_basic
D:2:      layout_basic, kennysheep_generic_room_11, uniq_robin, uniq_terence,
          uniq_natasha, uniq_sigmund
D:3:      layout_loops_ring, minivault_14
D:4:      layout_loops_cross, ebering_ghost_disaster_area,
          kennysheep_windowed_goal
D:5:      layout_basic, first_ration
D:6:      layout_basic
D:7:      minmay_thinvault, layout_loops_corners,
          minmay_temple_entry_drinking_statues, grunt_livestock, uniq_joseph
D:8:      layout_layer_cave, uniq_maurice

Skill      XL: |  1  2  3  4  5  6  7  8  9 10 |
---------------+-------------------------------+-----
Fighting       | 4 5 6 8 |  8.5
Shields        | 4 5 |  5.6
Armour         | 4 5 6 7 8 |  8.5
Axes           | 3 4 5 6 |  6.3
Dodging        | 1 2 3 |  3.6
Polearms       | 3 8 11 12 | 12.1
Stealth        | 1 |  1.1

Action                   |  1- 3 |  4- 6 |  7- 9 | 10-12 || total
-------------------------+-------+-------+-------+-------++-------
Melee: War axe           |    65 |   148 |       |       ||   213
       Headbutt          |     9 |    25 |    27 |    11 ||    72
       Glaive            |       |     5 |   170 |    25 ||   200
  Use: Scroll            |     3 |     3 |    11 |       ||    17
       Potion            |       |       |     1 |       ||     1
  Eat: Chunk             |     1 |     9 |    13 |     2 ||    25
Armor: Scale mail        |    36 |    65 |    16 |       ||   117
       Plate armour      |       |       |    65 |    11 ||    76
Dodge: Dodged            |    21 |    81 |   119 |     6 ||   227
Block: Kite shield       |    41 |    83 |       |       ||   124
